 Dungeon Crawl Stone Soup version 0.20.0-15-g7f486f2 (webtiles) character file.

1605 dobroeutro the Chopper (level 8, -16/61 HPs)
             Began as a Demonspawn Fighter on June 17, 2017.
             Was a Priest of Jiyva.
             Demolished by a two-headed ogre
             ... wielding a +0 giant club
              (20 damage)
             ... on level 8 of the Dungeon.
             The game lasted 00:13:53 (7060 turns).

dobroeutro the Chopper (Demonspawn Fighter)         Turns: 7060, Time: 00:13:54

Health: -16/61     AC: 17    Str: 25    XL:     8   Next: 63%
Magic:  5/8        EV:  9    Int:  9    God:    Jiyva [***...]
Gold:   343        SH: 10    Dex: 14    Spells: 7/7 levels left

rFire    . . .     SeeInvis .   a - +0 war axe
rCold    . . .     Gourm    .   c - +0 shield
rNeg     . . .     Faith    .   b - +0 scale mail
rPois    .         Spirit   .   (no helmet)
rElec    .         Reflect  .   (no cloak)
rCorr    +         Harm     .   (no gloves)
MR       .....                  D - +0 pair of boots
Stlth    +.........             (no amulet)
Regen    0.2/turn               (no ring)
MPRegen  0.2/turn               (no ring)

@: mighty, sanguine armour, drained
A: talons 1, clever 1, mutation resistance 1, nightstalker 1, powered by death
1, wild magic 1, sanguine armour 2
a: Request Jelly, Renounce Religion


You were on level 8 of the Dungeon.
You worshipped Jiyva.
Jiyva was most pleased with you.
You were not hungry.

You visited 2 branches of the dungeon, and saw 9 of its levels.

You collected 343 gold pieces.

Inventory:

Hand Weapons
 a - a +0 war axe (weapon)
Armour
 b - a +0 scale mail (worn)
 c - a +0 shield (worn)
 D - a +0 pair of boots (worn)
Jewellery
 i - a cursed ring of teleportation {unknown}
Wands
 z - a wand of iceblast (10/15)
Scrolls
 h - 8 scrolls of identify {unknown}
 k - 4 scrolls of noise {unknown}
 n - 3 scrolls of magic mapping {unknown}
 p - 2 scrolls of teleportation {unknown}
 q - 4 scrolls of remove curse {unknown}
 w - a scroll of immolation {unknown}
 y - 2 scrolls of fog {unknown}
 B - a scroll of enchant armour {unknown}
 C - a scroll of acquirement {unknown}
 F - a scroll of fear {unknown}
 G - a scroll of enchant weapon {unknown}
Potions
 d - a potion of might
 e - a potion of cancellation {unknown}
 j - 2 potions of berserk rage {unknown}
 l - a potion of heal wounds
 o - 2 potions of mutation {unknown}
 r - a potion of flight {unknown}
 s - 2 potions of haste {unknown}
 t - a potion of resistance {unknown}
 u - 2 potions of curing {unknown}
 v - a potion of agility {unknown}
 x - a potion of degeneration {unknown}
 A - a potion of lignification {unknown}
 E - a potion of ambrosia {unknown}
Comestibles
 f - 6 bread rations
 g - 5 royal jellies
 m - 2 meat rations


   Skills:
 + Level 4.9(4.0) Fighting
 + Level 6.7(5.8) Axes
 + Level 4.6(3.8) Armour
 + Level 3.3(2.5) Dodging
 + Level 4.8(3.9) Shields


You had 7 spell levels left.
You didn't know any spells.

Dungeon Overview and Level Annotations

Branches:
Dungeon (8/15)             Temple (1/1) D:5
   Lair: D:8-11

Altars:
Ashenzari
Cheibriados
Dithmenos
Elyvilon
Fedhas
Makhleb
Okawaru
Ru
Sif Muna
Trog
Vehumet
Yredelemnul
Zin
The Shining One
Jiyva

Annotations:
D:4 dobroeutro's ghost, amateur DsFi
D:7 5 exclusions


Innate Abilities, Weirdness & Mutations

You have sharp toenails.
You are slightly more attuned to the shadows.
You regenerate a little health from kills.
When seriously injured, your bleeding wounds create thick armour. (AC +9)
Your mind is acute. (Int +2)
You are somewhat resistant to further mutation.
Your spells are a little harder to cast, but a little more powerful.


Message History

The two-headed ogre hits you with a giant club.
* * * LOW HITPOINT WARNING * * *
The two-headed ogre hits you but does no damage.
A sky beast appears from thin air!
Reactivating autopickup.
The sky beast barely misses the jelly.
The jelly hits the sky beast but does no damage.
The sky beast hits the jelly.
The sky beast shocks the jelly.
The jelly dies!
You feel very mighty all of a sudden. The two-headed ogre misses you.
You block the two-headed ogre's attack.
You slash the two-headed ogre!
The two-headed ogre is severely wounded.
The two-headed ogre hits you with a giant club!
* * * LOW HITPOINT WARNING * * *
The two-headed ogre hits you but does no damage.
You barely miss the two-headed ogre.
The two-headed ogre is severely wounded.
The two-headed ogre hits you with a giant club!!
You die...

.#.# #####........# #.#.#
...#...###..#######
.#.#.###.#..............#
................>######.#
.......#.#.#.#..## #.#
.......#Y#..<...#######.#
.#.#.5.#.#.####.........#
#.#....#O#..............#
#.#Y..#@#.####.#######.#
#.#......#.####.# ####.#
.#.#.#####.#....# #....#
.#.# #.##.#....####.####
#.......#.##...#
#.<#....#.##.###
#########.##.# #....#
######


You could see a two-headed ogre and a sky beast.

Vanquished Creatures
  A water moccasin (D:6)
  A sky beast (D:5)
  An orc warrior (D:6)
  2 phantoms
  An ogre (D:4)
  A centaur (D:5)
  A bullfrog (D:7)
  A scorpion (D:7)
  A water moccasin skeleton (D:4)
  5 wights (D:7)
  A crimson imp (D:4)
  4 orc priests
  A bullfrog skeleton (D:7)
  3 orc wizards
  2 iguanas (D:7)
  6 worker ants
  A hound skeleton (D:6)
  7 gnolls
  5 adders
  An ooze (D:1)
  An adder zombie (D:5)
  2 worms
  3 leopard geckos
  28 orcs
  8 bats
  6 giant cockroaches
  9 hobgoblins
  4 jackals (D:4)
  11 kobolds
  2 quokkas
  A ball python (D:5)
  5 frilled lizards
  A giant cockroach zombie (D:5)
  7 goblins
  A jackal skeleton (D:4)
  9 rats
144 creatures vanquished.

Vanquished Creatures (others)
  A bullfrog (D:5)
  A water moccasin skeleton (D:7)
  2 electric eels (D:7)
  13 jellies
  A hound (D:7)
  2 orc wizards (D:6)
  2 adders
  A shadow imp (D:8)
  2 orcs (D:6)
  A quokka (D:6)
  A jackal skeleton (D:7)
  6 plants (D:7)
33 creatures vanquished.

Grand Total: 177 creatures vanquished

Notes
Turn   | Place    | Note
-------+----------+-------------------------------------------
     0 | D:1      | dobroeutro the Demonspawn Fighter began the quest for the Orb.
     0 | D:1      | Reached XP level 1. HP: 18/18 MP: 1/1
    47 | D:1      | Reached skill level 2 in Axes
   141 | D:1      | Gained mutation: You regenerate a little health from kills. [demonic ancestry]
   141 | D:1      | Reached XP level 2. HP: 21/24 MP: 2/2
   526 | D:1      | Reached skill level 3 in Axes
   876 | D:1      | Gained mutation: You have sharp toenails. [demonic ancestry]
   876 | D:1      | Reached XP level 3. HP: 25/29 MP: 3/3
  1115 | D:2      | Gained mutation: When seriously injured, your bleeding wounds create armour. (AC +9) [demonic ancestry]
  1115 | D:2      | Reached XP level 4. HP: 25/35 MP: 4/4
  1255 | D:2      | Reached skill level 4 in Axes
  1782 | D:3      | Gained mutation: When seriously injured, your bleeding wounds create thick armour. (AC +9) [demonic ancestry]
  1782 | D:3      | Reached XP level 5. HP: 37/41 MP: 5/5
  1879 | D:3      | Reached skill level 5 in Axes
  2502 | D:4      | Noticed dobroeutro's ghost (amateur DsFi)
  2578 | D:4      | Reached XP level 6. HP: 23/47 MP: 6/6
  2924 | D:4      | Reached skill level 1 in Dodging
  3138 | D:4      | Found a bloodstained altar of Trog.
  3398 | D:4      | Gained mutation: You are slightly more attuned to the shadows. [demonic ancestry]
  3398 | D:4      | Reached XP level 7. HP: 8/52 MP: 7/7
  3636 | D:5      | Entered Level 5 of the Dungeon
  3655 | D:5      | Found a staircase to the Ecumenical Temple.
  3672 | D:5      | Found a shadowy altar of Dithmenos.
  3684 | Temple   | Entered the Ecumenical Temple
  3699 | Temple   | Became a worshipper of Jiyva Jacralug the Shapeless
  3866 | D:5      | Found a deep blue altar of Sif Muna.
  4022 | D:5      | Reached skill level 6 in Axes
  4030 | D:5      | Gained mutation: Your mind is acute. (Int +2) [mutagenic meat]
  4031 | D:5      | Gained mutation: You are somewhat resistant to further mutation. [mutagenic meat]
  4087 | D:5      | Found a glowing silver altar of Zin.
  4304 | D:5      | Reached * piety under Jiyva
  4502 | D:5      | Found an iron altar of Okawaru.
  4749 | D:6      | Reached ** piety under Jiyva
  4880 | D:6      | Found a basalt altar of Yredelemnul.
  5053 | D:6      | Reached XP level 8. HP: 33/60 MP: 8/8
  5440 | D:7      | Reached *** piety under Jiyva
  5776 | D:7      | HP: 1/61 [electric eel/bolt of electricity (6)]
  6423 | D:7      | Gained mutation: Your spells are a little harder to cast, but a little more powerful. [Jiyva's grace]
  6564 | D:8      | Noticed a hippogriff
  6848 | D:7      | Found a shattered altar of Ashenzari.
  7041 | D:8      | Noticed a two-headed ogre
  7060 | D:8      | Demolished by a two-headed ogre

Skill      XL: |  1  2  3  4  5  6  7  8 |
---------------+-------------------------+-----
Axes           | 2 3 4 5 6 |  6.7
Shields        | 3 4 |  4.8
Armour         | 3 4 |  4.6
Dodging        | 1 2 3 |  3.3
Fighting       | 4 |  4.9

Action                   |  1- 3 |  4- 6 |  7- 9 || total
-------------------------+-------+-------+-------++-------
Melee: War axe           |   106 |   246 |   257 ||   609
       Kick              |     9 |    59 |    25 ||    93
Invok: Request Jelly     |       |       |     3 ||     3
  Use: Potion            |       |       |     4 ||     4
 Stab: Sleeping          |       |       |     3 ||     3
       Distracted        |       |       |     1 ||     1
  Eat: Chunk             |     1 |     7 |    11 ||    19
Armor: Scale mail        |    56 |   105 |   107 ||   268
Dodge: Dodged            |    31 |    71 |    89 ||   191
Block: Shield            |    53 |   129 |   137 ||   319
